 Dungeon Crawl Stone Soup version 0.32-a0-468-g38b2580584 (webtiles) character file.

Game seed: 16844335223613121041

2093 Malificent the Cudgeller (level 9, 0/93 HPs)
             Began as an Oni Monk on Feb 25, 2024.
             Was an Elder of Kikubaaqudgha.
             Succumbed to Erica's bolt of poison
             ... on level 8 of the Dungeon.
             The game lasted 00:21:37 (6935 turns).

Malificent the Cudgeller (Oni Monk)                 Turns: 6935, Time: 00:21:38

Health: 0/93       AC:  5    Str: 17    XL:     9   Next: 27%
Magic:  16/16      EV: 16    Int: 21    God:    Kikubaaqudgha [****..]
Gold:   418        SH:  0    Dex: 11    Spells: 15/18 levels left

rFire   . . .        q - +0 flail
rCold   . . .        d - orb {light}
rNeg    . . .        b - +0 robe
rPois   .            (helmet restricted)
rElec   .            o - +1 cloak
rCorr   .            (gloves unavailable)
SInv    .            (boots unavailable)
Will    .....        (no amulet)
Stlth   +            e - +5 ring of evasion
HPRegen 0.35/turn    B - +6 ring of intelligence
MPRegen 0.15/turn

%: no passive effects
@: brilliant, lethally poisoned (0 -> -6), fugue, glowing
A: large, unfitting armour, horns 1, tough skin 1, double potion healing,
drunken brawling
a: Renounce Religion, Unearth Wretches


You were on level 8 of the Dungeon.
You worshipped Kikubaaqudgha.
Kikubaaqudgha was greatly pleased with you.
You visited 1 branch of the dungeon, and saw 8 of its levels.

You collected 418 gold pieces.

Inventory:

Hand Weapons
 a - a +1 mace
 j - the +0 dagger of Eternal Vigilance {spect, Dex+3}
   (You found it on level 4 of the Dungeon)

   Dex+3:     It affects your dexterity (+3).
 q - a +0 flail (weapon)
Missiles
 h - a throwing net (quivered)
 t - 4 atropa-tipped darts
Armour
 b - a +0 robe (worn)
 d - an orb of light (worn)
 o - a +1 cloak (worn)
Magical Staves
 m - a staff of alchemy
Jewellery
 e - a +5 ring of evasion (left hand)
 i - a +6 ring of strength
 r - a +5 ring of evasion
 y - an amulet of guardian spirit
 B - a +6 ring of intelligence (right hand)
Scrolls
 f - 5 scrolls of teleportation
 v - a scroll of revelation {unknown}
 x - 3 scrolls of enchant weapon
 z - a scroll of fog
 A - a scroll of identify
Potions
 c - a potion of ambrosia
 g - a potion of haste {unknown}
 k - a potion of curing {unknown}
 l - a potion of resistance {unknown}
 n - a potion of brilliance
 s - 2 potions of lignification {unknown}
 u - a potion of cancellation {unknown}
 w - a potion of attraction {unknown}


   Skills:
 + Level 7.4 Fighting
 + Level 7.5 Maces & Flails
 + Level 5.2 Dodging
 + Level 1.6 Stealth
 * Level 5.0 Spellcasting
 * Level 3.8 Necromancy


You had 15 spell levels left.
You knew the following spells:

 Your Spells              Type           Power      Damage    Failure   Level
a - Fugue of the Fallen   Necr           31%        N/A       7%          3

Your spell library contained the following spells:

 Spells                   Type           Power      Damage    Failure   Level
 Necrotise                Necr           100%       1d9       2%          1
 Sublimation of Blood     Necr           31%        N/A       3%          2
 Kiss of Death            Conj/Necr      76%        2d11      4%          1
 Cigotuvi's Dreadful Rot  Necr/Alch/Air  30%        N/A       10%         2
 Magic Dart               Conj           28%        1d4       11%         1
 Call Imp                 Summ           14%        N/A       16%         2
 Ensorcelled Hibernation  Hex/Ice        14%        N/A       16%         2
 Searing Ray              Conj           14%        2d5       16%         2
 Inner Flame              Hex/Fire       7%         N/A       32%         3
 Passwall                 Erth           7%         N/A       32%         3
 Swiftness                Air            7%         N/A       32%         3
 Martyr's Knell           Necr/Summ      19%        N/A       45%         4
 Curse of Agony           Necr           31%        N/A       54%         5
 Fulminant Prism          Conj/Alch      3%         3d5       71%         4
 Borgnjor's Vile Clutch   Necr/Erth      9%         N/A       80%         5
 Irradiate                Conj/Alch      3%         3d12      96%         5
 Death Channel            Necr           15%        N/A       98%         6
 Summon Hydra             Summ           3%         N/A       100%        7
 Ignition                 Fire           3%         3d4       100%        8


Dungeon Overview and Level Annotations

Branches:
Dungeon (8/15)             Temple (0/1) D:7
   Lair: D:8-11

Altars:
Kikubaaqudgha
Ru

Portals:
Abyss: D:3

Annotations:
D:3 2 transporters, DeathSocks's ghost, amateur VSDe
D:8 Erica; Jeremiah


Innate Abilities, Weirdness & Mutations

You are too large for most types of armour.
You have a pair of small horns on your head.
You have tough skin. (AC +1)
You gain doubled healing and magic from potions.
Whenever you drink a healing potion, you attack all around you.


Message History

The sky beast closely misses you. The kobold barely misses you.
Erica stares at you and mumbles some strange words.
The bolt of poison hits you!
You are poisoned.
The kobold barely misses you.
The wight hits you from afar with a +0 spear.
You closely miss the kobold. Your headbutt misses the kobold.
You feel very sick.
The butterfly disappears in a burst of colours! x2
The kobold hits you with a +0 dagger.
The sky beast hits you but does no damage.
Erica hits you with a +2 scimitar of flaming.
Erica burns you.
The wight hits you from afar with a +0 spear.
The kobold hits you but does no damage.
You feel clever all of a sudden.
You feel very sick.
The butterfly disappears in a burst of colours!
The sky beast hits you but does no damage.
The kobold hits you with a +0 dagger.
Erica hits you with a +2 scimitar of flaming!
* * * LOW HITPOINT WARNING * * *
Erica burns you.
* * * LOW HITPOINT WARNING * * *
The kobold hits you but does no damage.
The wight hits you from afar with a +0 spear.
* * * LOW HITPOINT WARNING * * *
As you read the scroll of immolation, it crumbles to dust.
The creatures around you are filled with an inner flame!
* * * LOW HITPOINT WARNING * * *
You feel sick.
The butterfly disappears in a burst of colours!
The kobold hits you but does no damage. The sky beast hits you.
* * * LOW HITPOINT WARNING * * *
The sky beast shocks you.
* * * LOW HITPOINT WARNING * * *
Erica barely misses you. The kobold closely misses you.
The wight closely misses you.
You die...
Kikubaaqudgha rasps: You have failed me!
Welcome... death!

.. #........ ....
........# ....##
#.......# ......#
#........
.......##........
...b.......$....#
.....bzYKb.......
.......b)@..#
.b.....x)K###
.........##
..b......#
....b..###
...bFb. ..bb..b
....... .......


You could see Erica (inner flame), Jeremiah (inner flame), a sky beast (inner
flame, invisible), a wight (inner flame) and 2 kobolds.

Vanquished Creatures
  Eustachio (D:5)
  Menkaure (D:6)
  A water moccasin (D:7)
  A sky beast (D:6)
  An ice beast (D:6)
  A black bear (D:4)
  A centaur (D:7)
  A phantom (D:5)
  A kobold brigand (D:8)
  A bullfrog (D:6)
  2 scorpions (D:4)
  6 howler monkeys
  2 bombardier beetles
  6 orc priests
  4 hounds
  4 iguanas
  Natasha (D:4)
  2 orc wizards
  7 gnolls
  An adder (D:4)
  A shadow imp (D:7)
  3 white imps
  12 ufetubi
  2 ribbon worms
  3 dart slugs
  15 orcs
  5 ball pythons
  8 bats
  6 endoplasms
  3 giant cockroaches
  4 goblins
  5 hobgoblins
  2 jackals (D:4)
  6 quokkas
  3 frilled lizards
  12 kobolds
  8 rats
143 creatures vanquished.

Notes
Turn   | Place    | Note
-------+----------+-------------------------------------------
     0 | D:1      | Malificent the Oni Monk began the quest for the Orb.
     0 | D:1      | Reached XP level 1. HP: 24/24 MP: 1/1
   159 | D:1      | Reached XP level 2. HP: 32/32 MP: 2/2
   284 | D:1      | Found a faded altar of an unknown god.
   295 | D:1      | Prayed at the altar of an unknown god.
   295 | D:1      | Became a worshipper of Kikubaaqudgha
   295 | D:1      | Reached * piety under Kikubaaqudgha
   295 | D:1      | Received a gift from Kikubaaqudgha
   295 | D:1      | Reached ** piety under Kikubaaqudgha
   378 | D:1      | Reached XP level 3. HP: 25/40 MP: 3/3
   481 | D:1      | Reached *** piety under Kikubaaqudgha
   481 | D:1      | Received a gift from Kikubaaqudgha
  1523 | D:3      | Reached skill level 1 in Spellcasting
  1523 | D:3      | Reached XP level 4. HP: 48/49 MP: 3/5
  1564 | D:3      | Noticed a small abomination
  1572 | D:3      | Found a transporter.
  1702 | D:3      | Reached skill level 5 in Fighting
  2175 | D:3      | Noticed DeathSocks's ghost (amateur VSDe)
  2177 | D:3      | Found a one-way gate to the infinite horrors of the Abyss.
  2185 | D:3      | Found a transporter.
  2656 | D:4      | Noticed a scorpion
  2666 | D:4      | Killed a scorpion
  2667 | D:4      | Reached skill level 1 in Necromancy
  2667 | D:4      | Reached XP level 5. HP: 48/57 MP: 5/7
  2795 | D:4      | Identified the +0 dagger of Eternal Vigilance {spect,
                  | Dex+3}
  2876 | D:4      | Reached XP level 6. HP: 56/66 MP: 8/8
  3067 | D:4      | Reached skill level 5 in Maces & Flails
  3312 | D:4      | Noticed a black bear
  3323 | D:4      | Killed a black bear
  3324 | D:4      | Reached XP level 7. HP: 24/74 MP: 10/10
  3334 | D:4      | Identified the -1 pair of gloves of Wuimn {Dex+4}
  3566 | D:4      | Noticed Natasha
  3573 | D:4      | Killed Natasha
  3674 | D:5      | Entered Level 5 of the Dungeon
  3710 | D:5      | Reached skill level 1 in Stealth
  3938 | D:5      | Reached **** piety under Kikubaaqudgha
  4781 | D:6      | Noticed Eustachio
  5040 | D:5      | Killed Eustachio
  5041 | D:5      | Reached XP level 8. HP: 25/83 MP: 11/13
  5508 | D:6      | Noticed Menkaure
  5514 | D:6      | Killed Menkaure
  6324 | D:7      | Found a sacrificial altar of Ru.
  6336 | D:7      | Reached XP level 9. HP: 93/93 MP: 15/15
  6337 | D:7      | Reached skill level 5 in Dodging
  6468 | D:7      | Found a staircase to the Ecumenical Temple.
  6788 | D:7      | Learned a level 3 spell: Fugue of the Fallen
  6920 | D:8      | Noticed Jeremiah
  6920 | D:8      | Noticed Erica
  6931 | D:8      | Reached skill level 5 in Spellcasting
  6934 | D:8      | HP: 2/93 [sky beast (5)]
  6935 | D:8      | Succumbed to Erica's bolt of poison

Illustrated notes

Levels and vault maps discovered:
D:1:      dpeg_chamrin_arrival_tetris, layout_loops_cross,
          shapermc_ecumenical_altar_acropolis, chequers_mini_garden,
          minmay_misc_feat_rows, st_stairs_12
D:2:      layout_loops_cross, kennysheep_crisscross, corner_web_ring,
          kennysheep_cross_bottleneck
D:3:      layout_basic, gammafunk_ghost_abyssal_escape
D:4:      minmay_inner_zag, layout_loops_cross, minmay_misc_feat_roman,
          uniq_natasha
D:5:      layout_gridville
D:6:      layout_rooms, uniq_eustachio, uniq_menkaure
D:7:      layout_loops_ring, mainiacjoe_overflow_six_doors_small,
          minmay_temple_entry_large_hall, chequers_serial_rivers_large_b
D:8:      layout_rooms, mainiacjoe_overflow_brackets, serial_shops,
          nicolae_shop_overgrown_old_shop, amethyst_killhole, uniq_erica,
          uniq_jeremiah

Skill      XL: |  1  2  3  4  5  6  7  8  9 |
---------------+----------------------------+-----
Dodging        | 3 4 5 |  5.2
Spellcasting   | 1 2 3 4 5 |  5.0
Fighting       | 5 6 7 |  7.4
Maces & Flails | 4 5 6 7 |  7.5
Necromancy     | 1 2 3 |  3.8
Stealth        | 1 |  1.6

Action                     |  1- 3 |  4- 6 |  7- 9 || total
---------------------------+-------+-------+-------++-------
  Melee: Mace              |    92 |    80 |    77 ||   249
         Headbutt          |    12 |    16 |    58 ||    86
         Flail             |       |       |   169 ||   169
   Cast: Fugue of the Fall |       |       |     1 ||     1
    Use: Scroll            |       |     5 |     6 ||    11
         Potion            |       |       |     4 ||     4
 Armour: Robe              |    67 |    42 |   201 ||   310
  Dodge: Dodged            |    47 |    80 |   298 ||   425

Table legend: (Time is in decaauts)
 A = Elapsed time spent in this place.
 B = Non-inter-level travel time spent in this place.
 C = Inter-level travel time spent in this place.
 D = Time resting spent in this place.
 E = Time spent auto-exploring this place.
 F = Levels seen in this place.
 G = Mean time per level.
                   A        B        C        D        E       F      G
               +--------+--------+--------+--------+--------+-----+--------+
         Total |   6995 |   6839 |    156 |    780 |   4554 |   8 |  874.4 |
       Dungeon |   6995 |   6839 |    156 |    780 |   4554 |   8 |  874.4 |
               +--------+--------+--------+--------+--------+-----+--------+

Top non-repeatable levels by time:
     D:5: 1557 daAuts
     D:4: 1332 daAuts
     D:6: 891 daAuts
     D:3: 858 daAuts
     D:7: 812 daAuts
     D:1: 795 daAuts
     D:2: 729 daAuts
     D:8: 20 daAuts
